 Dungeon Crawl Stone Soup version 0.23.2 (webtiles) character file.

Game seed: 17745165188900350639

73 Oninnaise the Sneak (level 4, -6/30 HPs)
             Began as an Octopode Assassin on Apr 2, 2019.
             Mangled by a gnoll
             ... wielding a +0 halberd
              (14 damage)
             ... on level 3 of the Dungeon.
             The game lasted 00:04:41 (2453 turns).

Oninnaise the Sneak (Octopode Assassin)             Turns: 2453, Time: 00:04:44

Health: -6/30      AC:  1    Str: 10    XL:     4   Next: 27%
Magic:  4/4        EV: 13    Int: 13    God:
Gold:   156        SH:  0    Dex: 14    Spells: 3/3 levels left

rFire    . . .     SeeInvis .   j - +0 rapier
rCold    . . .     Gourm    .   (no shield)
rNeg     . . .     Faith    .   (helmet restricted)
rPois    .         Spirit   .   (no amulet)
rElec    .         Reflect  .   (no ring)
rCorr    .         Harm     .   (no ring)
MR       .....                  (no ring)
Stlth    ++++......             (no ring)
HPRegen  0.10/turn              (no ring)
MPRegen  0.09/turn              (no ring)
                                (no ring)
                                (no ring)

@: no status effects
A: almost no armour, stealthy swim, amphibious, 8 rings, constrict 8, camouflage
1, gelatinous body 1
a: no special abilities


You were on level 3 of the Dungeon.
You were not hungry.

You visited 1 branch of the dungeon, and saw 3 of its levels.

You collected 156 gold pieces.

Inventory:

Hand Weapons
 a - a +3 dagger
 b - a +0 blowgun
 j - a +0 rapier (weapon)
Missiles
 c - 8 poisoned needles
 d - 2 curare-tipped needles
Scrolls
 g - 3 scrolls of identify
Potions
 h - 2 potions of lignification
 i - a potion of degeneration {unknown}
Comestibles
 f - 3 rations


   Skills:
 * Level 2.9 Fighting
 + Level 2.5 Short Blades
 + Level 2.4 Throwing
 + Level 1.5 Dodging
 * Level 6.0 Stealth


You had 3 spell levels left.
You didn't know any spells.
Your spell library contained the following spells:

 Spells                   Type           Power        Failure   Level  Hunger
 Magic Dart               Conj           #...         30%         1    ##.....
 Blink                    Tloc           N/A          43%         2    ###....
 Call Imp                 Summ           #.......     43%         2    ###....
 Slow                     Hex            #.......     43%         2    ###....
 Conjure Flame            Conj/Fire      #.......     67%         3    ####...
 Mephitic Cloud           Conj/Pois/Air  #.......     67%         3    ####...


Dungeon Overview and Level Annotations

Branches:
Dungeon (3/15)

Altars:


Innate Abilities, Weirdness & Mutations

You cannot wear most types of armour.
You are very stealthy in the water. (Stealth+)
You are amphibious.
You can wear up to eight rings at the same time.
You can use your tentacles to constrict eight enemies at once.
Your skin changes colour to match your surroundings (Stealth+).
Your rubbery body absorbs attacks. (AC +1, EV +1)


Message History

j - a +0 rapier (weapon)
As you read the scroll labeled TIMETE XEAHITAH, it crumbles to dust.
You assume a fearsome visage.
Nothing appears to happen.
It was a scroll of fear.
There is a stone staircase leading down here.
You can't go up here!
You climb downwards.
The gnoll misses you. The gnoll completely misses you.
There is a stone staircase leading up here.
You hit the gnoll. You grab the gnoll. You squeeze the gnoll.
The gnoll is moderately wounded.
You constrict the gnoll. The gnoll misses you.
The gnoll hits you from afar with a +0 halberd!
You hit the gnoll but do no damage.
You squeeze the gnoll, but do no damage.
The gnoll is heavily wounded.
You constrict the gnoll. The gnoll hits you with a +0 flail!
Ouch! That really hurt!
* * * LOW HITPOINT WARNING * * *
The gnoll hits you from afar with a +0 halberd!
You die...

.# #.# g# #[# g###g#
..†#.# ##.#g# #g#.#
#.#.# #########
#g#.#########.......##.
#g#.........'(.@....''.
#.###########g..g...##.
#g# #.............. #.#
#####.÷).####.. #.#
#.##.# . #.# #.##.# #.#
#.##.# #.# #.##.# #.#
#.##.#


You could see 2 gnolls.

Vanquished Creatures
  An adder (D:2)
  An ooze (D:2)
  2 worms
  A dart slug (D:2)
  A leopard gecko (D:3)
  7 bats
  3 giant cockroaches
  8 goblins
  5 hobgoblins
  7 kobolds
  3 ball pythons
  2 frilled lizards (D:2)
  11 rats
  A bush (D:1)
  A plant (D:1)
54 creatures vanquished.

Notes
Turn   | Place    | Note
-------+----------+-------------------------------------------
     0 | D:1      | Oninnaise the Octopode Assassin began the quest for the
                  | Orb.
     0 | D:1      | Reached XP level 1. HP: 14/14 MP: 1/1
   113 | D:1      | Reached XP level 2. HP: 15/19 MP: 2/2
   127 | D:1      | You fall through a shaft!
   299 | D:2      | Reached XP level 3. HP: 25/25 MP: 3/3
  1814 | D:1      | Reached XP level 4. HP: 30/30 MP: 4/4
  2053 | D:3      | Reached skill level 6 in Stealth
  2453 | D:3      | Mangled by a gnoll

Skill      XL: |  1  2  3  4 |
---------------+-------------+-----
Stealth        | 6 |  6.0
Fighting       | |  2.9
Short Blades   | |  2.5
Throwing       | |  2.4
Dodging        | |  1.5

Action                   |  1- 3 |  4- 6 || total
-------------------------+-------+-------++-------
Melee: Dagger            |   189 |    28 ||   217
       Constrict         |    16 |     7 ||    23
       Tentacles         |    42 |     4 ||    46
       Rapier            |       |     2 ||     2
  Use: Scroll            |       |     7 ||     7
 Stab: Sleeping          |    16 |     5 ||    21
  Eat: Ration            |     1 |     1 ||     2
Armor: Skin              |     6 |     2 ||     8
Dodge: Dodged            |    57 |    33 ||    90
